 Dungeon Crawl Stone Soup version 0.21.0 (webtiles) character file.

53 Itrustedyou the Skirmisher (level 3, -3/24 HPs)
             Began as a Gargoyle Monk on Jan 6, 2018.
             Slain by a gnoll
             ... wielding a cursed -3 club
              (4 damage)
             ... on level 2 of the Dungeon.
             The game lasted 00:19:00 (1371 turns).

Itrustedyou the Skirmisher (Gargoyle Monk)          Turns: 1371, Time: 00:19:01

Health: -3/24      AC:  8    Str: 15    XL:     3   Next: 89%
Magic:  3/3        EV: 11    Int: 10    God:
Gold:   44         SH:  0    Dex: 12    Spells: 2/2 levels left

rFire    . . .     SeeInvis .   a - +1 mace
rCold    . . .     Gourm    .   (no shield)
rNeg     + . .     Faith    .   d - +0 ring mail
rPois    ∞         Spirit   .   (no helmet)
rElec    +         Reflect  .   (no cloak)
rCorr    .         Harm     .   (no gloves)
MR       .....                  (no boots)
Stlth    +.........             (no amulet)
HPRegen  0.08/turn              (no ring)
MPRegen  0.08/turn              (no ring)

@: no status effects
A: negative energy resistance 1, electricity resistance, unbreathing,
petrification resistance, rot immunity, AC +3
a: no special abilities


You were on level 2 of the Dungeon.
You were not hungry.

You visited 1 branch of the dungeon, and saw 2 of its levels.

You collected 44 gold pieces.

Inventory:

Hand Weapons
 a - a +1 mace (weapon)
Missiles
 i - 7 poisoned needles
 j - 13 arrows
 k - 13 stones (quivered)
 n - 28 bolts
Armour
 b - a +0 robe
 d - a +0 ring mail (worn)
 v - a +0 leather armour
Jewellery
 l - an uncursed ring of ice {dicks}
Scrolls
 g - a scroll of magic mapping
 q - a scroll of remove curse {unknown}
 u - a scroll of teleportation {unknown}
Potions
 e - a potion of agility
 m - 3 potions of heal wounds
 o - a potion of flight {unknown}
 s - a potion of lignification {unknown}
 t - a potion of haste {unknown}
Comestibles
 c - 3 rations
 f - 4 chunks of flesh


   Skills:
 + Level 3.9 Fighting
 + Level 3.5 Maces & Flails
 + Level 2.7 Dodging
 + Level 2.8 Stealth


You had 2 spell levels left.
You didn't know any spells.

Dungeon Overview and Level Annotations

Branches:
Dungeon (2/15)

Altars:
Wu Jian


Innate Abilities, Weirdness & Mutations

You are resistant to torment.
Your stone body is resilient. (AC +3)
You are immune to poison.
You resist negative energy. (rN+)
You are resistant to electric shocks. (rElec)
You can survive without breathing.
You are immune to petrification.
You are immune to rotting.


Message History

The gnoll is severely wounded.
You barely miss the gnoll. The gnoll hits you with a flail.
You hit the gnoll.
The gnoll is moderately wounded.
The gnoll hits you but does no damage. The gnoll barely misses you.
The gnoll hits you with a club.
* * * LOW HITPOINT WARNING * * *
You hit the gnoll.
The gnoll is moderately wounded.
The gnoll barely misses you. The gnoll hits you but does no damage.
You hit the gnoll.
The gnoll is severely wounded.
The gnoll barely misses you. The gnoll hits you but does no damage.
Some of the chunks of flesh in your inventory have rotted away.
Your ring mail prevents you from hitting the gnoll.
The gnoll is severely wounded.
The gnoll hits you with a flail.
* * * LOW HITPOINT WARNING * * *
The gnoll hits you with a club.
You die...

... #.# # ..#..# ##.
#.##..$.#...
###.#.....#.#
............#
#.......#.#
#..#.g.#...## #.# #
##g#.###.######.##
#@gr._..........#
###.###.######..#
#.....# #....>....##
#.####.###.#####.....
###.....#####...##
.......)........##
#######.#####.....
#...........
############


You could see 3 gnolls and a quokka.

Vanquished Creatures
  An adder (D:2)
  A dart slug (D:1)
  A leopard gecko (D:2)
  9 goblins
  4 hobgoblins
  7 kobolds
  A quokka (D:2)
  5 bats
  5 frilled lizards
  7 rats
41 creatures vanquished.

Notes
Turn   | Place    | Note
-------+----------+-------------------------------------------
     0 | D:1      | Itrustedyou the Gargoyle Monk began the quest for the Orb.
     0 | D:1      | Reached XP level 1. HP: 14/14 MP: 1/1
   133 | D:1      | Reached XP level 2. HP: 16/19 MP: 2/2
   803 | D:1      | Reached XP level 3. HP: 23/23 MP: 3/3
  1331 | D:2      | Found an ornate altar of the Wu Jian Council.
  1371 | D:2      | HP: 1/24 [gnoll/flail (5)]
  1371 | D:2      | Slain by a gnoll

Action                   || total
-------------------------++-------
Melee: Mace              ||   130
  Use: Potion            ||     1
       Scroll            ||     5
 Stab: Sleeping          ||     6
       Distracted        ||     1
  Eat: Chunk             ||     2
Armor: Robe              ||    21
       Ring mail         ||    16
       Leather armour    ||     9
Dodge: Dodged            ||    85
